 Dungeon Crawl Stone Soup version 0.24-a0-317-g5cb8de4b22 (webtiles) character file.

Game seed: 3315200535812935434

16310 HAL9000 the Covert (level 12, 0/54 HPs)
             Began as a Vine Stalker Assassin on May 16, 2019.
             Was a High Priest of Dithmenos.
             Killed from afar by a molten gargoyle (27 damage)
             ... with a bolt of magma
             ... on level 3 of the Lair of Beasts.
             The game lasted 00:37:35 (11293 turns).

HAL9000 the Covert (Vine Stalker Assassin)         Turns: 11293, Time: 00:37:36

Health: 0/54       AC: 11    Str: 17    XL:     12   Next: 36%
Magic:  0/35       EV: 11    Int: 13    God:    Dithmenos [*****.]
Gold:   339        SH: 10    Dex: 20    Spells: 16/29 levels left

rFire    x . .     SeeInvis +   d - +8 dagger "Coelinank" {drain, rF- rN++}
rCold    . . .     Gourm    .   Z - +0 buckler
rNeg     + + .     Faith    .   J - +2 leather armour of Lugonu's Supremacy {MP+9 Dex+2}
rPois    .         Spirit   +   b - +1 hat {SInv}
rElec    .         Reflect  +   c - +0 cloak
rCorr    .         Harm     .   V - +0 pair of gloves
MR       +....                  A - +2 pair of boots
Stlth    +++++++++.             s - +5 amulet of reflection
HPRegen  0.98/turn              y - +2 ring of strength
MPRegen  0.24/turn              H - ring of stealth

@: flying, wreathed by umbra, studying Earth Magic
A: fangs 3, regeneration 2, magic shield, antimagic bite, no potion heal 3, rot
immunity
a: Shadow Step, Shadow Form, Renounce Religion


You were on level 3 of the Lair of Beasts.
You worshipped Dithmenos.
Dithmenos was extremely pleased with you.
You were hungry.

You visited 3 branches of the dungeon, and saw 15 of its levels.

You collected 639 gold pieces.
You spent 300 gold pieces at shops.

Inventory:

Hand Weapons
 d - the +8 dagger "Coelinank" (weapon) {drain, rF- rN++}
   (You found it on level 2 of the Lair of Beasts)

   A truly terrible weapon, it drains the life of those it strikes.
   It makes you vulnerable to fire.
   It greatly protects you from negative energy.
Missiles
 e - 5 curare-tipped darts (quivered)
 h - 8 atropa-tipped darts
 G - 26 boomerangs
Armour
 b - a +1 hat of see invisible (worn)
 c - a +0 cloak (worn)
 A - a +2 pair of boots (worn)
 J - the +2 leather armour of Lugonu's Supremacy (worn) {MP+9 Dex+2}
   (You found it on level 5 of the Dungeon)

   It affects your dexterity (+2).
   It affects your magic capacity (+9).
 V - a +0 pair of gloves (worn)
 Z - a +0 buckler (worn)
Jewellery
 s - a +5 amulet of reflection (around neck)
 y - a +2 ring of strength (left hand)
 H - a ring of stealth (right hand)
 P - an uncursed amulet of the acrobat
Wands
 a - a wand of polymorph (9)
 u - a wand of clouds (6)
 v - a wand of enslavement (10)
 L - a wand of scattershot (6)
 O - a wand of digging (11)
 Q - a wand of flame (74)
Scrolls
 g - 2 scrolls of noise {unknown}
 j - 2 scrolls of blinking {unknown}
 m - a scroll of fear
 o - 3 scrolls of enchant armour
 w - 2 scrolls of remove curse
 z - a scroll of magic mapping
 B - a scroll of summoning {unknown}
 C - a scroll of fog {unknown}
 M - 3 scrolls of random uselessness {unknown}
 S - 3 scrolls of teleportation
 X - a scroll of amnesia {unknown}
Potions
 i - 5 potions of curing
 k - 3 potions of degeneration {unknown}
 n - 3 potions of magic {unknown}
 p - a potion of haste
 q - a potion of agility
 r - a potion of heal wounds
 t - 2 potions of brilliance
 x - a potion of resistance {unknown}
 E - 2 potions of lignification {unknown}
 F - a potion of cancellation
 I - 5 potions of might
 K - a potion of invisibility {unknown}
 N - a potion of berserk rage {unknown}
 T - a potion of ambrosia {unknown}
Books
 R - a manual of Earth Magic
Miscellaneous
 W - a fan of gales
Comestibles
 f - 17 rations


   Skills:
 - Level 1.7 Fighting
 - Level 10.2 Short Blades
 - Level 5.7 Throwing
 - Level 0.7 Dodging
 - Level 11.8 Stealth
 + Level 3.0 Shields
 - Level 9.0 Spellcasting
 - Level 8.8 Hexes


You had 16 spell levels left.
You knew the following spells:

 Your Spells              Type           Power        Failure   Level  Hunger
a - Confuse               Hex            ####....     1%          3    ##.....
b - Metabolic Englaciati  Hex/Ice        ###.......   58%         5    #####..
c - Yara's Violent Unrav  Hex/Tmut       ###.......   58%         5    #####..

Your spell library contained the following spells:

 Spells                   Type           Power        Failure   Level  Hunger
 Confusing Touch          Hex            ####..       1%          1    None
 Gell's Gravitas          Tloc           #.........   45%         3    ##.....
 Petrify                  Tmut/Erth      #.......     86%         4    ####...


Dungeon Overview and Level Annotations

Branches:
Dungeon (11/15)            Temple (1/1) D:5            Lair (3/6) D:8
  Snake (0/4) Lair:2
  Swamp: Lair:2-4    Shoals: Lair:2-4       Orc: D:9-12

Altars:
Ashenzari
Cheibriados
Dithmenos
Elyvilon
Fedhas
Gozag
Hepliaklqana
Kikubaaqudgha
Makhleb
Nemelex Xobeh
Okawaru
Qazlal
Ru
Sif Muna
Trog
Uskayaw
Vehumet
Wu Jian
Xom
Yredelemnul
Zin
The Shining One
Jiyva

Shops:
D:4 *   D:7 :   D:9 =

Annotations:
D:3 2 transporters, pentaxis93's ghost, amateur DEFE
D:9 3 runed translucent doors, HAL9000's ghost, novice VSAs; krabocopter's ghost, novice GrFi; pentaxis93's ghost, novice DEFE


Innate Abilities, Weirdness & Mutations

You have razor-sharp teeth.
You heal very quickly.
When hurt, damage is shared between your health and your magic reserves.
Your bite disrupts and absorbs the magic of your enemies.
Potions cannot restore your health.
You are immune to rotting.


Message History

Where to? (Enter - Lair:2, ? - help)
There is a stone staircase leading down here.
You climb downwards.
There is a stone staircase leading up here.
Unknown command.
A molten gargoyle comes into view. It is wielding a +0 mace.
You feel very buoyant.
You fly up into the air.
The molten gargoyle blasts magma at you!
The bolt of magma hits you!!! The lava burns you terribly!
You emit a cloud of dark smoke.
Unknown command.
Wield which item (- for none, * to show all)? (? for menu, Esc to quit)
Okay, then.
The molten gargoyle blasts magma at you!
The bolt of magma hits you!! The lava burns you terribly!
The molten gargoyle blasts magma at you!
The bolt of magma hits you!!! The lava burns you terribly!
Ouch! That really hurt!
You die...

### ##8##
###≈≈≈###
#<..≈.@<#
###§.≈###
##≈.≈##
#≈≈.§≈#
##≈.9§≈##
#≈≈.≈§≈≈#
##§..##≈§##
#≈§.## #≈§#
#≈..## #≈#


You could see a molten gargoyle.

Vanquished Creatures
  Gastronok (Lair:1)
  A hydra (Lair:1)
  2 two-headed ogres
  A cyclops (D:11)
  8 spiny frogs (Lair:1)
  2 komodo dragons (Lair:2)
  A slime creature (D:11)
  6 blink frogs
  A hippogriff (D:10)
  4 yaks (D:11)
  A vampire (D:11)
  2 basilisks (D:8)
  2 hungry ghosts
  A steam dragon (D:4)
  A soldier ant (D:11)
  3 porcupines
  Duvessa (D:5)
  2 water moccasins
  2 ice beasts
  3 phantoms
  2 sky beasts
  An orc warrior (D:8)
  8 black bears
  An eye of draining (D:11)
  5 ogres
  7 wolves
  2 necrophages
  7 centaurs
  2 crocodiles
  3 elf zombies (D:6)
  2 big kobolds (D:9)
  6 bullfrogs
  An elf skeleton (D:6)
  7 scorpions
  Dowan (D:5)
  A killer bee (D:11)
  6 wights
  4 howler monkeys
  2 crimson imps
  3 jellies
  A centaur zombie (D:11)
  A human zombie (D:6)
  A bullfrog zombie (D:9)
  A quasit (D:6)
  3 hounds
  Crazy Yiuf (D:5)
  3 orc priests (D:9)
  8 orc wizards
  3 iguanas
  8 worker ants
  2 hound skeletons
  2 worker ant zombies
  A howler monkey skeleton (D:4)
  8 gnolls
  11 adders
  5 shadow imps
  An ooze (D:3)
  2 adder zombies
  2 worms (D:3)
  4 dart slugs
  7 leopard geckos
  32 orcs
  2 ball pythons
  9 bats
  7 giant cockroaches
  11 goblins
  12 hobgoblins
  9 jackals
  4 quokkas
  2 frilled lizards
  16 kobolds
  A leopard gecko skeleton (D:4)
  An orc zombie (D:6)
  A quokka skeleton (D:5)
  7 rats
305 creatures vanquished.

Vanquished Creatures (others)
  A kobold (D:9)
  3 fungi
  3 plants
7 creatures vanquished.

Grand Total: 312 creatures vanquished

Notes
Turn   | Place    | Note
-------+----------+-------------------------------------------
     0 | D:1      | HAL9000 the Vine Stalker Assassin began the quest for the
                  | Orb.
     0 | D:1      | Reached XP level 1. HP: 11/11 MP: 2/2
   395 | D:1      | Reached XP level 2. HP: 12/15 MP: 1/3
   723 | D:1      | Reached XP level 3. HP: 17/18 MP: 4/4
  1304 | D:2      | Gained mutation: Your natural rate of healing is unusually
                  | fast. [Vine Stalker growth]
  1304 | D:2      | Reached XP level 4. HP: 23/23 MP: 5/5
  1775 | D:3      | Reached XP level 5. HP: 26/26 MP: 6/6
  1919 | D:3      | Found a bloodstained altar of Trog.
  2143 | D:3      | Reached skill level 5 in Short Blades
  2329 | D:3      | Found a transporter.
  2329 | D:3      | Noticed pentaxis93's ghost (amateur DEFE)
  2330 | D:3      | Identified the +8 dire flail of Expedience {freeze, Str+2}
  2330 | D:3      | Noticed an ogre
  2331 | D:3      | Found a transporter.
  2444 | D:4      | Noticed a steam dragon
  2462 | D:4      | Reached XP level 6. HP: 12/30 MP: 7/7
  2535 | D:4      | Killed a steam dragon
  2565 | D:4      | Noticed a phantom
  2772 | D:4      | Killed a phantom
  2772 | D:4      | Reached XP level 7. HP: 14/34 MP: 4/8
  2858 | D:4      | Found an iron altar of Okawaru.
  3034 | D:4      | Found Pumyollu's General Store.
  3458 | D:4      | Found a hazy altar of Hepliaklqana.
  3498 | D:5      | Entered Level 5 of the Dungeon
  3737 | D:5      | Found a shadowy altar of Dithmenos.
  3749 | D:5      | Gained mutation: You have razor-sharp teeth. [Vine Stalker
                  | growth]
  3749 | D:5      | Reached XP level 8. HP: 38/38 MP: 9/9
  3764 | D:5      | Became a worshipper of Dithmenos the Shadowed
  3776 | D:5      | Noticed Dowan
  3777 | D:5      | Noticed Duvessa
  3783 | D:5      | Killed Dowan
  3788 | D:5      | Killed Duvessa
  4001 | D:5      | Found a runed translucent door.
  4002 | D:5      | Noticed Crazy Yiuf
  4008 | D:5      | Killed Crazy Yiuf
  4049 | D:5      | Found an opulent altar of Gozag.
  4052 | D:5      | Found a glowing silver altar of Zin.
  4106 | D:5      | Found a staircase to the Ecumenical Temple.
  4220 | Temple   | Entered the Ecumenical Temple
  4461 | D:5      | Got a shimmering leather armour
  4473 | D:5      | Identified the +2 leather armour of Lugonu's Supremacy
                  | {MP+9 Dex+2} (You found it on level 5 of the Dungeon)
  4784 | D:6      | Reached skill level 10 in Short Blades
  5102 | D:6      | Reached skill level 5 in Stealth
  5102 | D:6      | Reached XP level 9. HP: 42/42 MP: 10/10
  5135 | D:6      | Reached skill level 6 in Stealth
  5147 | D:6      | Reached * piety under Dithmenos
  5565 | D:6      | Reached skill level 7 in Stealth
  5662 | D:7      | Found a sparkling altar of Nemelex Xobeh.
  5771 | D:7      | Found Wibipa Emeis's Book Shoppe.
  5803 | D:7      | Bought a book of Misfortune for 300 gold pieces
  5807 | D:7      | Learned a level 3 spell: Confuse
  5813 | D:7      | Learned a level 5 spell: Metabolic Englaciation
  5948 | D:7      | Reached skill level 1 in Hexes
  6602 | D:8      | Noticed a two-headed ogre
  6604 | D:8      | Killed a two-headed ogre
  6604 | D:8      | Reached XP level 10. HP: 46/46 MP: 16/16
  6673 | D:8      | Found a staircase to the Lair.
  6674 | D:8      | Reached skill level 5 in Hexes
  6734 | D:8      | Reached ** piety under Dithmenos
  6860 | D:8      | Reached skill level 5 in Spellcasting
  6929 | D:8      | You fall through a shaft for 3 floors!
  6929 | D:11     | Found a viscous altar of Jiyva.
  6930 | D:11     | Noticed a cyclops
  7191 | D:11     | Noticed a cyclops
  7323 | D:11     | Learned a level 5 spell: Yara's Violent Unravelling
  7384 | D:11     | Reached *** piety under Dithmenos
  7412 | D:11     | Killed a cyclops
  7412 | D:11     | Reached XP level 11. HP: 10/50 MP: 21/23
  7491 | D:10     | Entered Level 10 of the Dungeon
  7506 | D:10     | Noticed a two-headed ogre
  7518 | D:10     | Killed a two-headed ogre
  7761 | D:9      | Found Wibb's Jewellery Boutique.
  7764 | D:9      | You fall through a shaft!
  7862 | D:8      | Found a radiant altar of Vehumet.
  7862 | D:8      | Found a snail-covered altar of Cheibriados.
  8317 | D:8      | Reached **** piety under Dithmenos
  8685 | D:9      | Found a runed translucent gate.
  8685 | D:9      | Found a runed translucent gate.
  8765 | D:9      | Found a runed translucent gate.
  8766 | D:9      | Noticed krabocopter's ghost (novice GrFi)
  8772 | D:9      | Noticed HAL9000's ghost (novice VSAs)
  8775 | D:9      | Noticed pentaxis93's ghost (novice DEFE)
  8876 | D:9      | Found a stormy altar of Qazlal.
  9172 | D:9      | Found a bloodstained altar of Trog.
  9392 | Lair:1   | Entered Level 1 of the Lair of Beasts
  9459 | Lair:1   | Noticed a seven-headed hydra
  9478 | Lair:1   | Killed a seven-headed hydra
  9478 | Lair:1   | Reached skill level 8 in Stealth
  9557 | Lair:1   | Reached skill level 9 in Stealth
  9584 | Lair:1   | Noticed Gastronok
  9603 | Lair:1   | Killed Gastronok
  9603 | Lair:1   | Reached skill level 10 in Stealth
  9612 | Lair:1   | HP: 2/50 [spiny frog (5)]
  9826 | Lair:1   | Reached skill level 5 in Throwing
  9826 | Lair:1   | Gained mutation: You heal very quickly. [Vine Stalker
                  | growth]
  9826 | Lair:1   | Reached XP level 12. HP: 54/54 MP: 26/26
  9924 | Lair:1   | Reached skill level 11 in Stealth
 10198 | Lair:1   | Reached ***** piety under Dithmenos
 10626 | Lair:2   | Found a staircase to the Snake Pit.
 10755 | Lair:2   | Reached skill level 1 in Shields
 10911 | Lair:2   | Got a fine dagger
 10913 | Lair:2   | Identified the +8 dagger "Coelinank" {drain, rF- rN++} (You
                  | found it on level 2 of the Lair of Beasts)
 11293 | Lair:3   | Killed from afar by a molten gargoyle

Levels and vault maps discovered:
D:1:      enne_arrival_octagon_isle, layout_basic
D:2:      layout_rooms, first_ration
D:3:      layout_loops_ring, gammafunk_ghost_smash, trog_book
D:4:      layout_loops_cross, kennysheep_mini_moat, serial_shops,
          nicolae_shop_competitors_out_of_business, okawaru_ov_weapons_minmay
D:5:      layout_basic, grunt_temple_overflow_gold_and_silver,
          minmay_temple_entry_poolview, basic_altar, uniq_crazy_yiuf_cottage,
          uniq_duvessa
D:6:      minmay_inner_zag, layout_basic, nicolae_ossuary_entry_catacombs,
          corexii_hall_statues_u, minmay_liquid_box, lemuel_flamethrower_1
D:7:      layout_cave_pods, serial_shops, shop, basic_altar
D:8:      layout_loops_ring, nicolae_overflow_hidden_temple,
          minmay_lair_entry_grove, minmay_manual_macuahuitl
D:9:      layout_loops_ring, kennysheep_mini, gammafunk_ghost_cemetery,
          serial_shops, shop, minmay_misc_feat_enclosed, trog_hazing_becter
D:10:     layout_cave_pools, special_room [special_room_kobold], uniq_joseph
D:11:     layout_rooms, the_bakery, grunt_ministairs_1, minivault_5,
          jiyva_altar_1
Temple:   nicolae_temple_no_exploring_needed
Lair:1:   layout_regular_city, uniq_gastronok
Lair:2:   layout_misc_corridors, dummy_snake_entry, grunt_megastairs_2,
          lemuel_fruit_fields
Lair:3:   cheibrodos_magma_flow, layout_small_grid, serial_bayou_pond_a

Skill      XL: |  1  2  3  4  5  6  7  8  9 10 11 12 |
---------------+-------------------------------------+-----
Short Blades   | 2 3 4 5 6 8 10 | 10.2
Throwing       | 2 3 5 |  5.7
Stealth        | 5 7 10 11 | 11.8
Hexes          | 4 7 8 |  8.8
Spellcasting   | 3 7 9 |  9.0
Shields        | 3 |  3.0
Fighting       | |  1.7
Dodging        | |  0.7

Action                   |  1- 3 |  4- 6 |  7- 9 | 10-12 || total
-------------------------+-------+-------+-------+-------++-------
Melee: Dagger            |    96 |   183 |   348 |   636 ||  1263
       Bite              |    19 |    54 |   118 |   253 ||   444
Throw: Dart              |       |     1 |     7 |    20 ||    28
 Cast: Confuse           |       |       |       |    43 ||    43
Evoke: Wand              |       |       |       |     1 ||     1
  Use: Potion            |     1 |       |       |     3 ||     4
       Scroll            |       |       |     5 |    12 ||    17
 Stab: Sleeping          |     4 |    13 |    25 |    36 ||    78
       Distracted        |       |     1 |       |     3 ||     4
       Invisible         |       |       |     4 |       ||     4
       Confused          |       |       |       |    20 ||    20
  Eat: Chunk             |     1 |     4 |    10 |    20 ||    35
       Ration            |       |       |     1 |       ||     1
Armor: Robe              |    21 |     3 |       |       ||    24
       Leather armour    |       |    21 |    56 |   103 ||   180
Dodge: Dodged            |    49 |    47 |   104 |   189 ||   389
Block: Other             |       |    15 |    34 |    86 ||   135
       Reflection        |       |       |     1 |     8 ||     9

Table legend:
 A = Non-vault XP
 B = Vault XP
 C = Vault XP percentage of total XP
 D = Non-vault monster count
 E = Vault monster count
 F = Vault count percentage of total count
                 A         B        C        D         E       F
            +---------+---------+-------+---------+---------+-------
      Total |   16364 |    6937 |  29.8 |     260 |      45 |  14.8
            +---------+---------+-------+---------+---------+-------
        D:1 |      50 |       0 |   0.0 |      28 |       0 |   0.0
        D:2 |      62 |       0 |   0.0 |      13 |       0 |   0.0
        D:3 |     131 |       0 |   0.0 |      22 |       0 |   0.0
        D:4 |     836 |       0 |   0.0 |      28 |       0 |   0.0
        D:5 |     397 |     252 |  38.8 |      13 |       3 |  18.8
        D:6 |     987 |     737 |  42.7 |      17 |      11 |  39.3
        D:7 |     479 |       0 |   0.0 |      15 |       0 |   0.0
        D:8 |     702 |    2463 |  77.8 |      18 |      16 |  47.1
        D:9 |    1487 |      12 |   0.8 |      44 |       6 |  12.0
       D:10 |    1618 |       0 |   0.0 |      14 |       0 |   0.0
       D:11 |    2540 |     487 |  16.1 |      20 |       5 |  20.0
     Lair:1 |    5812 |    2193 |  27.4 |      21 |       1 |   4.5
     Lair:2 |    1263 |     793 |  38.6 |       7 |       3 |  30.0
            +---------+---------+-------+---------+---------+-------
